 Dungeon Crawl Stone Soup version 0.23.2-1-ga50397a6bc (webtiles) character file.

Game seed: 15355503638524696974

66831 Bb4Qf6 the Severer (level 14, -4/144 HPs)
             Began as a Deep Dwarf Fighter on May 28, 2019.
             Was the Champion of Makhleb.
             Killed from afar by a thorn hunter (8 damage)
             ... with a volley of thorns
             ... on level 3 of the Swamp.
             The game lasted 00:47:10 (14752 turns).

Bb4Qf6 the Severer (Deep Dwarf Fighter)            Turns: 14752, Time: 00:47:13

Health: -4/144     AC: 23    Str: 23    XL:     14   Next: 80%
Magic:  11/11      EV: 10    Int: 11    God:    Makhleb [******]
Gold:   1384       SH:  0    Dex: 12    Spells: 13/13 levels left

rFire    + + .     SeeInvis +   D - +8 frozen axe "Frostbite" {freezing cloud, *Noise +Fly rC+}
rCold    + + .     Gourm    .   (shield currently unavailable)
rNeg     + . .     Faith    .   j - +0 shadow dragon scales
rPois    +         Spirit   .   V - +2 helmet
rElec    +         Reflect  .   r - +2 cloak
rCorr    +         Harm     .   i - +0 pair of gloves of the Thinker {rF+ rCorr}
MR       ++...                  (no boots)
Stlth    ++........             C - amulet of the acrobat
HPRegen  0.00/turn              o - ring of see invisible
MPRegen  0.12/turn              v - ring of wizardry

@: resistant, grasped by roots, non-regenerating, constricted
A: damage resistance, heal wounds, negative energy resistance 1, sense
surroundings 2, no regeneration
a: Heal Wounds, Minor Destruction, Lesser Servant of Makhleb, Major Destruction,
Greater Servant of Makhleb, Renounce Religion, Evoke Flight


You were on level 3 of the Swamp.
You worshipped Makhleb.
Makhleb was exalted by your worship.
You were not hungry.

You visited 3 branches of the dungeon, and saw 20 of its levels.

You collected 1384 gold pieces.

Inventory:

Hand Weapons
 a - a +0 war axe
 k - a +2 war axe of electrocution
 D - the +8 frozen axe "Frostbite" (weapon) {freezing cloud, *Noise +Fly rC+}
   (You acquired it on level 11 of the Dungeon)

   It has been specially enchanted to freeze those struck by it, causing extra
   injury to most foes and up to half again as much damage against particularly
   susceptible opponents.
   It can also slow down cold-blooded creatures.
   It protects you from cold.
   It lets you fly.
   It may make noises in combat.
 M - a +0 battleaxe
Missiles
 R - 6 javelins of returning (quivered)
Armour
 b - a +0 scale mail
 c - a +0 shield
 i - the +0 pair of gloves of the Thinker (worn) {rF+ rCorr}
   (You found it on level 5 of the Dungeon)

   It protects you from fire.
   It provides partial protection from all sources of acid and corrosion.
 j - +0 shadow dragon scales (worn)
 q - a +0 plate armour
 r - a +2 cloak (worn)
 x - a +2 helmet
 T - the +4 shield of the Disturbing Ghosts {rElec rPois Regen+ Int-4}
   (You found it on level 5 of the Lair of Beasts)

   It affects your intelligence (-4).
   It insulates you from electricity.
   It protects you from poison.
   It increases your rate of regeneration.
 V - a +2 helmet (worn)
Jewellery
 o - a ring of see invisible (left hand)
 v - a ring of wizardry (right hand)
 C - an amulet of the acrobat (around neck)
 J - the ring of Shadows {Umbra +Inv Stlth+}
   (You found it on level 5 of the Lair of Beasts)

   [ring of stealth]

   It lets you turn invisible.
   It makes you more stealthy.
 X - an uncursed ring of protection from cold
Wands
 l - a wand of flame (29)
 p - a wand of paralysis (7)
 s - a wand of enslavement (5)
 y - a wand of iceblast (35)
 A - a wand of disintegration (9)
 L - a wand of polymorph (7)
 O - a wand of digging (20)
 Z - a wand of acid (8)
Scrolls
 e - 2 scrolls of enchant armour
 g - a scroll of torment
 m - 7 scrolls of teleportation
 t - 7 scrolls of fog
 w - 3 scrolls of enchant weapon
 E - 6 scrolls of remove curse
 F - 3 scrolls of magic mapping
 H - 2 scrolls of amnesia
 I - a scroll of fear
 K - 6 scrolls of identify
Potions
 d - 3 potions of brilliance
 h - a potion of cancellation
 n - 5 potions of lignification
 u - 9 potions of curing
 B - a potion of mutation
 G - a potion of invisibility
 N - 2 potions of berserk rage
 P - 3 potions of degeneration
 S - a potion of agility
 U - a potion of flight {unknown}
Miscellaneous
 Y - a lightning rod (3/4)
Comestibles
 f - 35 rations


   Skills:
 * Level 14.0 Fighting
 * Level 16.0 Axes
 + Level 11.0 Armour
 + Level 10.4 Dodging
 - Level 3.3 Shields
 - Level 10.0 Invocations


You had 13 spell levels left.
You didn't know any spells.
Your spell library contained the following spells:

 Spells                   Type           Power        Failure   Level  Hunger
 Corona                   Hex            #......      56%         1    ##.....
 Freeze                   Ice            #...         56%         1    ##.....
 Shock                    Conj/Air       #...         56%         1    ##.....
 Ensorcelled Hibernation  Hex/Ice        #.....       71%         2    ###....
 Swiftness                Chrm/Air       #.......     71%         2    ###....
 Throw Frost              Conj/Ice       #.....       71%         2    ###....
 Confuse                  Hex            #.......     89%         3    ####...
 Dazzling Spray           Conj/Hex       #.....       89%         3    ####...
 Ozocubu's Armour         Chrm/Ice       #.......     89%         3    ####...
 Static Discharge         Conj/Air       #.......     89%         3    ####...
 Tukima's Dance           Hex            #.......     89%         3    ####...
 Airstrike                Air            #.........   99%         4    #####..
 Summon Ice Beast         Ice/Summ       #.......     99%         4    #####..
 Throw Icicle             Conj/Ice       #.......     99%         4    #####..
 Lightning Bolt           Conj/Air       #.........   100%        5    ######.


Dungeon Overview and Level Annotations

Branches:
Dungeon (11/15)            Temple (0/1) D:6            Lair (6/6) D:10
  Swamp (2/4) Lair:4        Snake (0/4) Lair:2        Slime (0/5) Lair:6
    Orc (0/2) D:9

Altars:
Ashenzari
Cheibriados
Dithmenos
Hepliaklqana
Makhleb
Okawaru
Qazlal
Ru
Trog
Uskayaw
Wu Jian
Xom
Yredelemnul
Zin
The Shining One
Jiyva

Annotations:
D:9 Harold
D:11 Joseph
Lair:6 1 runed translucent door


Innate Abilities, Weirdness & Mutations

You are resistant to damage.
You can heal yourself by infusing magical energy.
You resist negative energy. (rN+)
You passively map the area around you.
You do not regenerate.


Message History

The thorn hunter is engulfed in freezing vapours.
The thorn hunter gestures.
Thorny briars emerge from the ground!
The shambling mangrove is struck by the briar patch's thorns.
The shambling mangrove hits the briar patch!
The briar patch is destroyed!
The grasping roots constrict you.
The thorn hunter fires a volley of thorns at you.
The volley of thorns hits you!!!
* * * LOW HITPOINT WARNING * * *
Okay, then.
Okay, then.
You fail to use your ability.
The thorn hunter is engulfed in freezing vapours.
The thorn hunter hits you.
* * * LOW HITPOINT WARNING * * *
The thorn hunter closely misses you.
The thorn hunter fires a volley of thorns at you.
The volley of thorns hits you!
You die... * ♣♣♣♣.♣♣≈♣♣ *** * ♣♣* ♣♣.♣.≈...≈♣♣ ** ,* ♣♣P♣♣ ♣.....♣♣.≈≈♣ , , * ♣PPP♣

*♣♣ ♣♣....≈♣≈.≈. ≈ ≈,*
♣♣P..♣♣♣.♣♣♣♣≈♣..≈≈♣♣.≈. ≈ ≈
,♣PP.††♣≈≈.♣♣.≈....≈..♣♣≈
♣♣P≈)....♣ ♣♣.≈..♣....♣≈ ≈
♣♣P..≈..≈♣♣♣♣♣...§...♣♣. <≈ ≈
♣.≈....@♣♣≈♣♣♣...≈≈.♣♣♣♣ ≈
.≈≈≈♣.♣..≈ffPPP.≈≈..≈..♣≈≈♣
.........P.f......≈.≈..≈.≈≈
≈.≈..≈≈≈..P≈≈.....≈≈.≈..(.♣ *
**≈...≈.♣.♣♣P≈..♣.♣≈.≈§......
♣♣.♣.♣≈.≈.♣...§≈≈.≈......≈. *
*...♣♣♣≈.......≈≈≈..≈..≈≈..
♣♣......≈...≈♣≈..... , *
♣♣♣.≈≈....≈.≈.≈.≈≈≈


You could see 2 thorn hunters and a shambling mangrove.

Vanquished Creatures
  Jorgrun (Swamp:2)
  9 hydras
  A ghost crab (Swamp:3)
  A shambling mangrove (Swamp:2)
  3 catoblepae (Lair:6)
  6 alligators
  12 death yaks
  2 two-headed ogres
  Urug (D:11)
  A fire crab (Lair:6)
  A spriggan druid (Swamp:2)
  2 unseen horrors
  2 manticores (Lair:6)
  An ugly thing (D:6)
  4 black mambas
  A centaur zombie (D:11)
  8 elephants
  2 torpor snails
  11 spiny frogs
  4 rime drakes
  5 komodo dragons
  A kobold demonologist (D:11)
  A queen bee (Lair:3)
  4 polar bears
  7 hornets
  Grinder (D:4)
  Prince Ribbit (D:7)
  A troll (D:10)
  9 blink frogs
  9 bog bodies
  6 tyrant leeches
  4 hippogriffs
  7 spriggans
  A shadow (Swamp:1)
  3 basilisks
  A wyvern (Lair:2)
  2 wraiths
  A hungry ghost (D:10)
  23 yaks
  5 vampire mosquitoes
  4 nagas (Lair:2)
  5 swamp worms
  2 wargs (D:10)
  9 water moccasins
  5 porcupines
  8 orc warriors
  2 sky beasts
  A swamp drake (Swamp:3)
  4 phantoms
  2 eyes of draining (D:8)
  4 ogres
  15 wolves
  4 centaurs
  9 crocodiles
  A big kobold (D:8)
  7 bullfrogs
  A spectral wyvern (D:11)
  2 scorpions
  26 killer bees
  4 wights (D:9)
  An electric eel (Lair:5)
  4 howler monkeys
  A bullfrog zombie (D:11)
  5 crimson imps
  3 jellies
  A quasit (D:7)
  5 hounds
  4 centaur skeletons
  5 orc priests
  4 bullfrog skeletons
  2 gnoll shamans
  3 iguanas
  Ijyb (D:4)
  11 orc wizards
  9 worker ants
  2 worker ant zombies (D:11)
  14 gnolls
  16 adders
  6 shadow imps
  An ooze (D:2)
  An adder zombie (D:9)
  3 adder skeletons
  4 worms
  A dart slug (D:3)
  3 leopard geckos
  31 orcs
  9 ball pythons
  5 giant cockroaches
  7 goblins
  6 hobgoblins
  11 jackals
  9 quokkas
  6 bats
  3 frilled lizards
  A jackal skeleton (D:6)
  A jackal zombie (D:6)
  6 kobolds
  8 rats
  4 briar patches (Swamp:3)
  3 fungi
  2 plants
502 creatures vanquished.

Vanquished Creatures (collateral kills)
  A very ugly thing (Swamp:2)
  A hydra (Lair:3)
  2 yaks (Lair:3)
  A swamp worm (Swamp:2)
  A wolf (Lair:3)
  A worker ant (D:4)
7 creatures vanquished.

Vanquished Creatures (others)
  An alligator (Swamp:3)
  A briar patch (Swamp:3)
  14 fungi
  3 plants
19 creatures vanquished.

Grand Total: 528 creatures vanquished

Notes
Turn   | Place    | Note
-------+----------+-------------------------------------------
     0 | D:1      | Bb4Qf6 the Deep Dwarf Fighter began the quest for the Orb.
     0 | D:1      | Reached XP level 1. HP: 20/20 MP: 1/1
    36 | D:1      | Reached XP level 2. HP: 21/27 MP: 2/2
   564 | D:2      | Reached XP level 3. HP: 27/34 MP: 3/3
   611 | D:2      | Reached skill level 3 in Axes
   611 | D:2      | Reached skill level 1 in Dodging
   722 | D:2      | Reached XP level 4. HP: 27/42 MP: 4/4
  1431 | D:3      | Found a hazy altar of Hepliaklqana.
  1463 | D:3      | Reached XP level 5. HP: 18/50 MP: 5/5
  1485 | D:3      | Found a snail-covered altar of Cheibriados.
  1533 | D:3      | Reached skill level 4 in Axes
  1972 | D:3      | Found an ornate altar of the Wu Jian Council.
  2299 | D:4      | Noticed Ijyb
  2309 | D:4      | Reached XP level 6. HP: 40/57 MP: 6/6
  2323 | D:4      | Killed Ijyb
  2418 | D:4      | Noticed Grinder
  2467 | D:4      | Paralysed by Grinder for 2 turns
  2484 | D:4      | Reached skill level 5 in Axes
  2485 | D:4      | Paralysed by Grinder for 6 turns
  2505 | D:4      | Killed Grinder
  2505 | D:4      | Reached skill level 5 in Fighting
  2505 | D:4      | Reached XP level 7. HP: 36/67 MP: 7/7
  3347 | D:5      | Entered Level 5 of the Dungeon
  3436 | D:5      | Got a pair of bloodstained gloves
  3458 | D:5      | Noticed a water elemental
  3459 | D:5      | Found a stormy altar of Qazlal.
  3466 | D:5      | Identified the cursed +0 pair of gloves of the Thinker {rF+
                  | rCorr} (You found it on level 5 of the Dungeon)
  3586 | D:5      | Found a shattered altar of Ashenzari.
  3865 | D:5      | Noticed a fire elemental
  3870 | D:5      | Noticed an air elemental
  3973 | D:5      | Found a glowing silver altar of Zin.
  3976 | D:5      | Found a glowing golden altar of the Shining One.
  3988 | D:5      | Found an iron altar of Okawaru.
  3993 | D:5      | Found a hide-covered altar of Uskayaw.
  4301 | D:5      | Found a burning altar of Makhleb.
  4302 | D:5      | Found a shimmering altar of Xom.
  4307 | D:5      | Became a worshipper of Makhleb the Destroyer
  4639 | D:6      | Found a sacrificial altar of Ru.
  4667 | D:6      | Reached skill level 5 in Armour
  4724 | D:6      | Found a staircase to the Ecumenical Temple.
  4761 | D:6      | Reached skill level 6 in Axes
  4761 | D:6      | Reached skill level 1 in Invocations
  4770 | D:6      | Reached XP level 8. HP: 49/75 MP: 7/9
  4799 | D:6      | Noticed a brown ugly thing
  4808 | D:6      | Killed a brown ugly thing
  4988 | D:6      | Reached skill level 7 in Axes
  5431 | D:7      | Reached * piety under Makhleb
  5500 | D:7      | Noticed Prince Ribbit
  5548 | D:7      | Killed Prince Ribbit
  5548 | D:7      | Gained mutation: You passively map the area around you.
                  | [Deep Dwarf growth]
  5548 | D:7      | Reached XP level 9. HP: 39/85 MP: 10/10
  5866 | D:7      | Reached skill level 5 in Dodging
  5886 | D:7      | Found a shadowy altar of Dithmenos.
  5895 | D:7      | Reached skill level 8 in Axes
  6123 | D:8      | Found a basalt altar of Yredelemnul.
  6225 | D:8      | Found a bloodstained altar of Trog.
  6233 | D:8      | Reached skill level 5 in Invocations
  6276 | D:8      | Reached ** piety under Makhleb
  6316 | D:8      | Reached skill level 9 in Axes
  6326 | D:8      | Noticed a two-headed ogre
  6548 | D:9      | Noticed a two-headed ogre
  6562 | D:9      | Killed a two-headed ogre
  6562 | D:9      | Reached XP level 10. HP: 55/96 MP: 12/12
  7046 | D:9      | Found a staircase to the Orcish Mines.
  7155 | D:9      | Reached skill level 10 in Axes
  7277 | D:9      | Noticed Harold
  7323 | D:9      | Reached *** piety under Makhleb
  7504 | D:10     | Entered Level 10 of the Dungeon
  7716 | D:10     | Found a staircase to the Lair.
  7888 | D:10     | Noticed an unseen horror
  7924 | D:10     | Killed an unseen horror
  7924 | D:10     | Reached skill level 11 in Axes
  7924 | D:10     | Reached XP level 11. HP: 95/108 MP: 12/14
  8177 | D:11     | Found a shattered altar of Ashenzari.
  8194 | D:11     | Noticed a six-headed hydra
  8281 | D:11     | Noticed a two-headed ogre
  8296 | D:11     | Killed a two-headed ogre
  8353 | D:11     | Identified a scroll of acquirement
  8354 | D:11     | Found the +8 frozen axe "Frostbite" {freezing cloud, *Noise
                  | +Fly rC+}
  8439 | D:11     | Reached **** piety under Makhleb
  8452 | D:11     | Noticed an unseen horror
  8463 | D:11     | Killed an unseen horror
  8463 | D:11     | Reached skill level 10 in Fighting
  8776 | D:11     | Killed a 17-headed hydra
  8800 | D:11     | Noticed Urug
  8806 | D:11     | Noticed a deep elf knight
  8807 | D:11     | Noticed Joseph
  8808 | D:11     | Killed Urug
  8875 | Lair:1   | Entered Level 1 of the Lair of Beasts
  8920 | Lair:1   | Reached skill level 12 in Axes
  9182 | Lair:1   | Reached ***** piety under Makhleb
  9777 | Lair:2   | Reached XP level 12. HP: 118/118 MP: 12/12
  9791 | Lair:2   | Found a staircase to the Snake Pit.
 10630 | Lair:3   | Reached skill level 10 in Invocations
 10666 | Lair:3   | Noticed a four-headed hydra
 10668 | Lair:3   | Noticed an eight-headed hydra
 10686 | Lair:2   | Killed a five-headed hydra
 10707 | Lair:3   | Reached skill level 13 in Axes
 10713 | Lair:3   | Killed a nine-headed hydra
 10758 | Lair:3   | Noticed a seven-headed hydra
 10770 | Lair:3   | Killed a ten-headed hydra
 11065 | Lair:3   | Noticed a six-headed hydra
 11072 | Lair:3   | Killed a ten-headed hydra
 11117 | Lair:3   | Reached XP level 13. HP: 121/128 MP: 11/11
 11999 | Lair:4   | Found a staircase to the Swamp.
 12039 | Lair:4   | Reached skill level 14 in Axes
 12123 | Lair:5   | Found the ring of Shadows {Umbra +Inv Stlth+}
 12205 | Lair:5   | Got a brightly glowing shield
 12207 | Lair:5   | Identified the +4 shield of the Disturbing Ghosts {rElec
                  | rPois Regen+ Int-4} (You found it on level 5 of the Lair of
                  | Beasts)
 12641 | Lair:6   | Entered Level 6 of the Lair of Beasts
 12678 | Lair:6   | Found a runed translucent door.
 12678 | Lair:6   | Noticed an azure jelly
 12679 | Lair:6   | Found a viscous altar of Jiyva.
 13200 | Lair:6   | Reached ****** piety under Makhleb
 13293 | Lair:6   | Reached skill level 10 in Armour
 13315 | Lair:6   | Reached skill level 15 in Axes
 13318 | Lair:6   | Gained mutation: You resist negative energy. (rN+) [Deep
                  | Dwarf growth]
 13318 | Lair:6   | Reached XP level 14. HP: 131/141 MP: 12/12
 13497 | Lair:6   | Found a staircase to the Slime Pits.
 13497 | Lair:6   | Noticed an azure jelly
 13656 | Swamp:1  | Entered Level 1 of the Swamp
 14429 | Swamp:2  | Reached skill level 10 in Dodging
 14474 | Swamp:2  | Noticed Jorgrun
 14476 | Swamp:2  | Noticed a purple very ugly thing
 14492 | Swamp:2  | Killed Jorgrun
 14492 | Swamp:2  | Killed a purple very ugly thing
 14524 | Swamp:2  | You fall through a shaft!
 14663 | Swamp:3  | Reached skill level 16 in Axes
 14738 | Swamp:3  | Noticed a thorn hunter
 14743 | Swamp:3  | Noticed a thorn hunter
 14751 | Swamp:3  | HP: 7/144 [thorn hunter/volley of thorns (40)]
 14752 | Swamp:3  | Killed from afar by a thorn hunter

Skill      XL: |  1  2  3  4  5  6  7  8  9 10 11 12 13 14 |
---------------+-------------------------------------------+-----
Fighting       | 3 4 5 6 8 9 10 11 13 14 | 14.0
Axes           | 3 4 5 6 7 9 11 12 13 15 16 | 16.0
Dodging        | 1 2 3 4 5 6 8 9 10 | 10.4
Armour         | 4 5 6 7 8 10 11 | 11.0
Invocations    | 1 3 6 8 9 10 | 10.0
Shields        | |  3.3

Action                   |  1- 3 |  4- 6 |  7- 9 | 10-12 | 13-15 || total
-------------------------+-------+-------+-------+-------+-------++-------
Melee: War axe           |   114 |   243 |   249 |    56 |       ||   662
       Battleaxe         |       |       |       |   235 |       ||   235
       Executioner's axe |       |       |       |   251 |   338 ||   589
Throw: Throwing net      |       |       |       |     2 |     1 ||     3
       Javelin           |       |       |       |       |     9 ||     9
Invok: Minor Destruction |       |       |     1 |     1 |       ||     2
       Lesser Servant of |       |       |       |     1 |       ||     1
       Greater Servant o |       |       |       |     1 |     1 ||     2
 Abil: Heal Wounds       |       |     2 |     5 |    20 |     4 ||    31
Evoke: Wand              |       |     6 |       |     8 |     1 ||    15
       Lightning rod     |       |       |       |       |     1 ||     1
  Use: Potion            |       |     4 |     8 |     2 |     2 ||    16
       Scroll            |       |       |    14 |    14 |     3 ||    31
 Stab: Sleeping          |     5 |     9 |     8 |     3 |     1 ||    26
       Distracted        |       |     1 |       |     1 |       ||     2
       Paralysed         |       |       |       |     2 |       ||     2
       Petrified         |       |       |       |       |     7 ||     7
       Held in net/web   |       |       |       |       |     1 ||     1
  Eat: Chunk             |       |     6 |     9 |    13 |    13 ||    41
       Ration            |       |       |     1 |     1 |       ||     2
Armor: Scale mail        |    23 |       |       |       |       ||    23
       Shadow dragon sca |    61 |   122 |   171 |   640 |   333 ||  1327
       Skin              |       |    18 |     3 |    10 |       ||    31
Dodge: Dodged            |    45 |    61 |    92 |   601 |   354 ||  1153
Block: Shield            |    72 |   135 |   142 |    34 |       ||   383
